 Dungeon Crawl Stone Soup version 0.01-2087-gb5e28fc70b (webtiles) character file.

Game seed: 11073690758073230795, levelgen mode: deterministic

87 diana the Whippersnapper (level 4, -5/30 HPs) Lignifite Demonspawn. Began on May 28, 2020. Slain by Menkaure (20 damage) ... on level 2 of the Dungeon. The game lasted 00:02:46 (1095 turns).

diana the Whippersnapper (Lignifite Demonspawn)     Turns: 1095, Time: 00:02:48

Health: -5/30      AC:  1    Str: 21    XL:     4 ^: 71
Magic:  8/8        EV: 16    Int: 13    God:
Gold:   139        SH:  2    Dex:  7    Spells: 6/7 levels left

rFire    x . .     Vision   .   a - +0 flail
rCold    + . .     Gourm    .   (weapon restricted)
rNeg     . . .     Faith    .   b - +0 robe
rPois    +         Spirit   .   (helmet restricted)
rElec    .         Reflect  .   (no cloak)
rCorr    .         Harm     .   (gloves unavailable)
MR       .....                  (boots unavailable)
Stlth    +.........             (no amulet)
HPRegen  0.20/turn              (no ring)
MPRegen  0.18/turn              (no ring)

@: quick
A: very small, rF-, horns 1, cold resistance 1, deformed body, speed 1, poison
resistance, powered by death 1, slow metabolism 1, torment resistance, plant,
rot immunity
a: no special abilities


You were on level 2 of the Dungeon.
You were not hungry.

You visited 1 branch of the dungeon, and saw 2 of its levels.

You collected 139 gold pieces.

Inventory:

Weapons
 a - a +0 flail (weapon) Shields
 j - a +0 targe
Armour
 b - a +0 robe (worn)
Scrolls
 c - a scroll of teleportation
 e - a scroll of enchantment
 k - a scroll of blinking
 l - a scroll of amnesia
Potions
 f - a potion of mutation
 g - a potion of might
 h - a potion of agility
 i - a potion of curing
 m - a potion of magic
 n - a potion of berserk rage
 o - a potion of resistance
Comestibles
 d - 4 rations


   Skills:
 + Level 2.9 Fighting
 * Level 4.1 Whips & Flails
 - Level 2.6 Dodging
 - Level 1.7 Stealth
 - Level 2.1 Spellcasting
   Level 3.0 Invocations


You had 6 spell levels left.
You knew the following spells:

 Your Spells              Type           Power        Failure   Level  Hunger
a - Flame Tongue          Fire           1 (40)       26%         1    ##.....

Your spell library contained the following spells:

 Spells                   Type           Power        Failure   Level  Hunger
 Blink                    Tloc           N/A          36%         2    ###....
 Call Imp                 Summ           1 (100)      36%         2    ###....
 Slow                     Hex            1 (100)      36%         2    ###....
 Conjure Flame            Fire           1 (100)      58%         3    ####...
 Mephitic Cloud           Pois/Air       1 (100)      58%         3    ####...


Dungeon Overview and Level Annotations

Branches:
Dungeon (2/8)

Altars:

Annotations:
D:2 Menkaure


Innate Abilities, Weirdness & Mutations

Your woody flesh burns easily. (rF-)
A tangle of shorter branches protects your body from attack. (+2 SH)
You are very small and have problems with some larger weapons.
You are too small for most types of armour.
You have a pair of small horns on your head.
You are cold resistant. (rC+)
Armour fits poorly on your strangely shaped body.
You cover ground quickly.
Your system is resistant to poisons. (rPois)
You regenerate a little health from kills.
You have a slow metabolism.
You are immune to unholy pain and torment.
You require very little carbon dioxide to survive.
You are immune to rotting.


Message History

Ouch! That really hurt!
* * * LOW HITPOINT WARNING * * *
Aiming:
a - a +0 flail, Range: 1 (30%)
Press: ? - help, Shift-Dir - straight line, f - Menkaure
Aim: Menkaure (lightly damaged (23/25), fast)
Okay, then.
Okay, then.
You feel better. Menkaure barely misses you (0).
You hit Menkaure (2).
Menkaure is lightly damaged. (21/25) HP You hit Menkaure but do no damage.
Menkaure is lightly damaged. (21/25) HP Menkaure closely misses you (0).
You hit Menkaure (4).
Menkaure is moderately damaged. (17/25) HP You barely miss Menkaure.
Your headbutt misses Menkaure.
Menkaure is moderately damaged. (17/25) HP Menkaure hits you (20)!!
Ouch! That really hurt!
You die...

#.#.# #....#.
##.#.###########...#.
#..#.....##........รท.
#.#..................
#..................#.
#..................##
#....................
#.................#..
#...@................
#...M.............###
#.#..............##
####.....##> .#
#######


You could see Menkaure.

Vanquished Creatures
  2 adders (D:2)
  A white imp (D:2)
  3 dart slugs (D:2)
  A leopard gecko (D:1)
  7 bats
  5 giant cockroaches
  7 goblins
  7 hobgoblins
  8 kobolds
  A ball python (D:2)
  4 frilled lizards
  6 rats
52 creatures vanquished.

Notes
Turn   | Place    | Note
-------+----------+-------------------------------------------
     0 | D:1      | diana the Lignifite Demonspawn began the quest for the Orb.
     0 | D:1      | Reached XP level 1. HP: 12/12 MP: 4/4
    73 | D:1      | Gained mutation: You are cold resistant. (rC+) [demonic
                  | ancestry]
    73 | D:1      | Reached XP level 2. HP: 19/19 MP: 6/6
   174 | D:1      | Reached skill level 3 in Whips & Flails
   378 | D:1      | Gained mutation: You have a pair of small horns on your
                  | head. [demonic ancestry]
   378 | D:1      | Reached XP level 3. HP: 22/25 MP: 7/7
   883 | D:2      | Gained mutation: You regenerate a little health from kills.
                  | [demonic ancestry]
   883 | D:2      | Reached XP level 4. HP: 25/30 MP: 8/8
   905 | D:2      | Reached skill level 4 in Whips & Flails
  1086 | D:2      | Noticed Menkaure
  1095 | D:2      | Slain by Menkaure

Levels and vault maps discovered:
D:1:      lightli_iron_boxes, layout_basic, serial_rivers,
          chequers_serial_rivers_marsh, chequers_serial_rivers_micro_b,
          chequers_serial_rivers_small_3, chequers_serial_rivers_micro_a,
          st_stairs_12
D:2:      layout_rooms, first_ration, grunt_ministairs_2, uniq_menkaure

Skill      XL: |  1  2  3  4 |
---------------+-------------+-----
Whips & Flails | 3 4 |  4.1
Fighting       | |  2.9
Dodging        | |  2.6
Stealth        | |  1.7
Spellcasting   | |  2.1
Invocations    | |  3.0

Action                   |  1- 3 |  4- 6 || total
-------------------------+-------+-------++-------
Melee: Flail             |   143 |    32 ||   175
       Unarmed           |   103 |    29 ||   132
       Headbutt          |     2 |     2 ||     4
  Use: Potion            |       |     1 ||     1
Armor: Robe              |    15 |     1 ||    16
Dodge: Dodged            |   220 |    24 ||   244
Block: Other             |     9 |     3 ||    12
